SAAA
VERMONT LAKE MONSTERS @ HOUSTON BC
09/03/2026
 
TOP OF THE 1ST
Vermont Lake Monsters batting - Pitching for Houston BC : RHP Mark Collingwood
Pitching: RHP Mark Collingwood
Batting: RHB Rodrigo Velasco 0-0: Foul Ball, location: 2F
0-1: Called Strike
0-2: Ball
1-2: Fly out, F9 (Flyball, 9S)
Batting: RHB Xing-li Wang 0-0: Called Strike
0-1: Foul Ball, location: 2F
0-2: Foul Ball, location: 2F
0-2: Ground out 1-3 (Groundball, 13S)
Batting: RHB Barkley B. Cooltimes 0-0: SOLO HOME RUN (Flyball, 7D), Distance : 415 ft
Batting: RHB Ray John 0-0: Fly out, F2 (Popup, 3S)
Top of the 1st over - 1 run(s), 1 hit(s), 0 error(s), 0 left on base; Vermont 1 - Houston 0
BOTTOM OF THE 1ST
Houston BC batting - Pitching for Vermont Lake Monsters : RHP Jim Unknown
Pitching: RHP Jim Unknown
Batting: RHB Rodney Hanna 0-0: Called Strike
0-1: Ball
1-1: Ball
2-1: Fly out, F4 (Popup, 4S)
Batting: RHB Jesús Villalba 0-0: Foul Ball, location: 2F
0-1: Swinging Strike
0-2: SINGLE (Line Drive, 4MD)
Batting: RHB Yoshihito Samurakami 0-0: Ball
1-0: Fly out, F8 (Flyball, 8LXD)
Batting: LHB Álex Ramírez 0-0: Fly out, F9 (Flyball, 89D)
Bottom of the 1st over - 0 run(s), 1 hit(s), 0 error(s), 1 left on base; Vermont 1 - Houston 0
TOP OF THE 2ND
Vermont Lake Monsters batting - Pitching for Houston BC : RHP Mark Collingwood
Batting: LHB Ramón Gómez 0-0: Ball
1-0: Ball
2-0: Ball
3-0: Base on Balls
Batting: LHB Brad Tillman 0-0: Ground out 4-3 (Groundball, 34D)
Ramón Gómez to second
Batting: LHB Arturo Gonzáles 0-0: Ball
1-0: Ball
2-0: DOUBLE (Line Drive, 8RM)
Ramón Gómez scores
Batting: RHB Zelmar Barajas 0-0: Fly out, F7 (Flyball, 78S)
Batting: LHB Manny Valentín 0-0: Ball
1-0: Called Strike
1-1: SINGLE (Groundball, 4MD)
Arturo Gonzáles to third
Runner from 3rd tries for Home, SAFE, no throw
Batting: RHB Rodrigo Velasco 0-0: Called Strike
0-1: Ball
1-1: Ball
2-1: Ball
3-1: Fly out, F9 (Flyball, 89M)
Top of the 2nd over - 2 run(s), 2 hit(s), 0 error(s), 1 left on base; Vermont 3 - Houston 0
BOTTOM OF THE 2ND
Houston BC batting - Pitching for Vermont Lake Monsters : RHP Jim Unknown
Batting: RHB Alfredo Rivera 0-0: DOUBLE (Flyball, 9LM)
Batting: RHB Dennis Morrow 0-0: Ball
1-0: Ball
2-0: Foul Ball, location: 2F
2-1: Fly out, F8 (Flyball, 8LM)
Batting: RHB Albert Delgado 0-0: Ball
1-0: Foul Ball, location: 2F
1-1: Ball
2-1: Ball
3-1: Fly out, F8 (Flyball, 8LM)
Batting: RHB Alfredo Mojica 0-0: Ball
1-0: Called Strike
1-1: Ground out 5-3 (Groundball, 56)
Bottom of the 2nd over - 0 run(s), 1 hit(s), 0 error(s), 1 left on base; Vermont 3 - Houston 0
TOP OF THE 3RD
Vermont Lake Monsters batting - Pitching for Houston BC : RHP Mark Collingwood
Batting: RHB Xing-li Wang 0-0: Called Strike
0-1: Fly out, F5 (Line Drive, 5)
Batting: RHB Barkley B. Cooltimes 0-0: Ground out 6-3 (Groundball, 6)
Batting: RHB Ray John 0-0: SINGLE (Groundball, 6MD)
Batting: LHB Ramón Gómez 0-0: Called Strike
0-1: Swinging Strike
0-2: Ball
1-2: Ball
2-2: SINGLE (Line Drive, 15)
Ray John to second
Batting: LHB Brad Tillman 0-0: Ball
1-0: Fly out, F8 (Flyball, 8RM)
Top of the 3rd over - 0 run(s), 2 hit(s), 0 error(s), 2 left on base; Vermont 3 - Houston 0
BOTTOM OF THE 3RD
Houston BC batting - Pitching for Vermont Lake Monsters : RHP Jim Unknown
Batting: RHB Ludovico Trezza 0-0: Called Strike
0-1: Swinging Strike
0-2: Strikes out swinging
Batting: RHB Rodney Hanna 0-0: SINGLE (Line Drive, 6D)
Batting: RHB Jesús Villalba 0-0: Ball
1-0: Ball
2-0: SINGLE (Flyball, 9S)
Rodney Hanna to second
Runner from 2nd tries for 3rd, SAFE, throw made to third
Batting: RHB Yoshihito Samurakami 0-0: Fly out, F8 (Flyball, 78XD)
Runner from 3rd tags up, SCORES, no throw
Batting: LHB Álex Ramírez 0-0: Called Strike
0-1: Ball
1-1: Ball
2-1: Ball
3-1: Foul Ball, location: 2F
3-2: Foul Ball, location: 2F
3-2: Base on Balls
Jesús Villalba to second
Batting: RHB Alfredo Rivera 0-0: Called Strike
0-1: Fielders Choice at 2nd, 4-6 (Groundball, 4)
Bottom of the 3rd over - 1 run(s), 2 hit(s), 0 error(s), 1 left on base; Vermont 3 - Houston 1
TOP OF THE 4TH
Vermont Lake Monsters batting - Pitching for Houston BC : RHP Mark Collingwood
Batting: LHB Arturo Gonzáles 0-0: Ground out 6-3 (Groundball, 6S)
Batting: RHB Zelmar Barajas 0-0: Called Strike
0-1: Called Strike
0-2: Ball
1-2: Ground out 5-3 (Groundball, 56S)
Batting: LHB Manny Valentín 0-0: Ball
1-0: Ball
2-0: Called Strike
2-1: Foul Ball, location: 2F
2-2: Foul Ball, location: 2F
2-2: Strikes out swinging
Top of the 4th over - 0 run(s), 0 hit(s), 0 error(s), 0 left on base; Vermont 3 - Houston 1
BOTTOM OF THE 4TH
Houston BC batting - Pitching for Vermont Lake Monsters : RHP Jim Unknown
Batting: RHB Dennis Morrow 0-0: Called Strike
0-1: Fly out, F7 (Flyball, 7S)
Batting: RHB Albert Delgado 0-0: Ball
1-0: Called Strike
1-1: Ground out 5-3 (Groundball, 56)
Batting: RHB Alfredo Mojica 0-0: Ball
1-0: Swinging Strike
1-1: DOUBLE (Line Drive, 7LM)
Batting: RHB Ludovico Trezza 0-0: Ground out 6-3 (Groundball, 6MD)
Bottom of the 4th over - 0 run(s), 1 hit(s), 0 error(s), 1 left on base; Vermont 3 - Houston 1
TOP OF THE 5TH
Vermont Lake Monsters batting - Pitching for Houston BC : RHP Mark Collingwood
Batting: RHB Rodrigo Velasco 0-0: Ball
1-0: Foul Ball, location: 2F
1-1: Ball
2-1: Swinging Strike
2-2: Ball
3-2: Fly out, F7 (Flyball, 7LSF)
Batting: RHB Xing-li Wang 0-0: Ball
1-0: Foul Ball, location: 2F
1-1: Ball
2-1: Fly out, F7 (Flyball, 7)
Batting: RHB Barkley B. Cooltimes 0-0: Ball
1-0: Foul Ball, location: 2F
1-1: Called Strike
1-2: Strikes out looking
Top of the 5th over - 0 run(s), 0 hit(s), 0 error(s), 0 left on base; Vermont 3 - Houston 1
BOTTOM OF THE 5TH
Houston BC batting - Pitching for Vermont Lake Monsters : RHP Jim Unknown
Batting: RHB Rodney Hanna 0-0: Ball
1-0: SINGLE (Groundball, 34D)
Batting: RHB Jesús Villalba 0-0: Bunted foul
0-1: Sac Bunt - play at first, batter OUT! 1-4
Rodney Hanna to second
Batting: RHB Yoshihito Samurakami 0-0: Ball
1-0: Ball
Wild Pitch!
Rodney Hanna to third
2-0: Ball
3-0: Base on Balls
Batting: LHB Álex Ramírez 0-0: Ball
1-0: Ball
2-0: Called Strike
2-1: Ball
3-1: Base on Balls
Yoshihito Samurakami to second
Batting: RHB Alfredo Rivera 0-0: Called Strike
0-1: Called Strike
0-2: Strikes out swinging
Batting: RHB Dennis Morrow 0-0: Ball
1-0: Ball
Wild Pitch!
Rodney Hanna scores
Yoshihito Samurakami to third
Álex Ramírez to second
2-0: Called Strike
2-1: Ball
3-1: Base on Balls
Batting: RHB Albert Delgado 0-0: Called Strike
0-1: Ball
1-1: Called Strike
1-2: Ball
2-2: Fielders Choice at 2nd, 6-4 (Groundball, 6)
Bottom of the 5th over - 1 run(s), 1 hit(s), 0 error(s), 2 left on base; Vermont 3 - Houston 2
TOP OF THE 6TH
Vermont Lake Monsters batting - Pitching for Houston BC : RHP Mark Collingwood
Batting: RHB Ray John 0-0: Called Strike
0-1: Foul Ball, location: 2F
0-2: Ball
1-2: Foul Ball, location: 2F
1-2: Foul Ball, location: 2F
1-2: Foul Ball, location: 2F
1-2: SINGLE (Groundball, 6MD)
Batting: LHB Ramón Gómez 0-0: Called Strike
0-1: Ball
1-1: Ball
2-1: Swinging Strike
2-2: Strikes out swinging
Batting: LHB Brad Tillman 0-0: Grounds into double play, 4-6-3 (Groundball, 4)
Top of the 6th over - 0 run(s), 1 hit(s), 0 error(s), 0 left on base; Vermont 3 - Houston 2
BOTTOM OF THE 6TH
Houston BC batting - Pitching for Vermont Lake Monsters : RHP Jim Unknown
Batting: RHB Alfredo Mojica 0-0: Ball
1-0: Called Strike
1-1: Ground out 4-3 (Groundball, 4)
Batting: RHB Ludovico Trezza 0-0: Ball
1-0: Ball
2-0: Called Strike
2-1: Foul Ball, location: 2F
2-2: Ground out 6-3 (Groundball, 6)
Batting: RHB Rodney Hanna 0-0: Ball
1-0: Fly out, F8 (Line Drive, 8RM)
Bottom of the 6th over - 0 run(s), 0 hit(s), 0 error(s), 0 left on base; Vermont 3 - Houston 2
TOP OF THE 7TH
Vermont Lake Monsters batting - Pitching for Houston BC : RHP Mark Collingwood
Batting: LHB Arturo Gonzáles 0-0: Ball
1-0: Fly out, F7 (Flyball, 78M)
Batting: RHB Zelmar Barajas 0-0: Called Strike
0-1: Ball
1-1: Fly out, F2 (Popup, 3S)
Batting: LHB Manny Valentín 0-0: Foul Ball, location: 2F
0-1: Ball
1-1: Swinging Strike
1-2: Foul Ball, location: 2F
1-2: Ball
2-2: Ball
3-2: Base on Balls
Batting: RHB Rodrigo Velasco 0-0: Ball
1-0: Foul Ball, location: 2F
1-1: Ball
2-1: Ball
3-1: Foul Ball, location: 2F
3-2: Foul Ball, location: 2F
3-2: SINGLE (Groundball, 34D)
Manny Valentín to second
Manny Valentín to third
Pitching: RHP Arnout Els
Pinch Hitting: RHB Adrian Smith 0-0: Ball
1-0: Ball
2-0: Ball
3-0: Base on Balls
Rodrigo Velasco to second
Batting: RHB Barkley B. Cooltimes 0-0: Ball
1-0: Called Strike
1-1: Ball
2-1: Called Strike
2-2: Ball
3-2: Foul Ball, location: 2F
3-2: Base on Balls
Manny Valentín scores
Rodrigo Velasco to third
Adrian Smith to second
Batting: RHB Ray John 0-0: Ball
1-0: Called Strike
1-1: Called Strike
1-2: Fielders Choice at 2nd, U6 (Groundball, 6M)
Top of the 7th over - 1 run(s), 1 hit(s), 0 error(s), 3 left on base; Vermont 4 - Houston 2
BOTTOM OF THE 7TH
Houston BC batting - Pitching for Vermont Lake Monsters : RHP Jim Unknown
Now at 1B: Adrian Smith
Batting: RHB Jesús Villalba 0-0: Ball
1-0: Foul Ball, location: 2F
1-1: Foul Ball, location: 2F
1-2: Ball
2-2: Ball
3-2: Ground out 6-3 (Groundball, 6MS)
Batting: RHB Yoshihito Samurakami 0-0: Called Strike
0-1: DOUBLE (Flyball, 9D)
Batting: LHB Álex Ramírez 0-0: Ball
1-0: Called Strike
1-1: Ball
2-1: Ball
3-1: Base on Balls
Batting: RHB Alfredo Rivera 0-0: Foul Ball, location: 2F
0-1: Ball
1-1: Ball
2-1: SINGLE (Groundball, 34S) (infield hit)
Yoshihito Samurakami to third
Álex Ramírez to second
Batting: RHB Dennis Morrow 0-0: Fly out, F3 (Line Drive, 34)
Pinch Hitting: LHB Raúl Trevino 0-0: Called Strike
0-1: Ball
1-1: Ball
2-1: Swinging Strike
2-2: Ball
3-2: Ground out 4-3 (Groundball, 4)
Bottom of the 7th over - 0 run(s), 2 hit(s), 0 error(s), 3 left on base; Vermont 4 - Houston 2
TOP OF THE 8TH
Vermont Lake Monsters batting - Pitching for Houston BC : RHP Arnout Els
Now in LF: Raúl Trevino
Batting: LHB Ramón Gómez 0-0: Swinging Strike
0-1: Called Strike
0-2: Ball
1-2: Ball
2-2: Foul Ball, location: 2F
2-2: Ground out U3 (Groundball, 3L)
Batting: LHB Brad Tillman 0-0: Called Strike
0-1: Ball
1-1: Called Strike
1-2: Ball
2-2: SINGLE (Line Drive, 3D)
Batting: LHB Arturo Gonzáles 0-0: SINGLE (Groundball, 34D)
Brad Tillman to second
Runner from 2nd tries for 3rd, SAFE, throw made to third
Pinch Hitting: RHB Bronson Nicholls 0-0: Ball
1-0: Ball
2-0: Called Strike
2-1: Fly out, F4 (Flyball, 34D)
Batting: LHB Manny Valentín 0-0: Called Strike
0-1: Ball
1-1: Ground out 4-3 (Groundball, 34)
Top of the 8th over - 0 run(s), 2 hit(s), 0 error(s), 2 left on base; Vermont 4 - Houston 2
BOTTOM OF THE 8TH
Houston BC batting - Pitching for Vermont Lake Monsters : RHP Jim Unknown
Now at 3B: Luis Rodríguez
Batting: RHB Alfredo Mojica 0-0: SINGLE (Line Drive, 6MD)
Batting: RHB Ludovico Trezza 0-0: Ball
1-0: Foul Ball, location: 2F
1-1: Grounds into double play, 6-4-3 (Groundball, 6)
Batting: RHB Rodney Hanna 0-0: Foul Ball, location: 2F
0-1: Ball
1-1: Foul Ball, location: 2F
1-2: Ball
2-2: SINGLE (Groundball, 2L) (infield hit)
Pitching: RHP Jim Unknown
Batting: RHB Jesús Villalba 0-0: Ball
1-0: SINGLE (Flyball, 9LS)
Rodney Hanna to second
Runner from 2nd tries for 3rd, SAFE, throw made to third
Batting: RHB Yoshihito Samurakami 0-0: Ball
1-0: Foul Ball, location: 2F
1-1: Ball
2-1: Foul Ball, location: 2F
2-2: Foul Ball, location: 2F
2-2: Ball
3-2: Strikes out swinging
Bottom of the 8th over - 0 run(s), 3 hit(s), 0 error(s), 2 left on base; Vermont 4 - Houston 2
TOP OF THE 9TH
Vermont Lake Monsters batting - Pitching for Houston BC : RHP Arnout Els
Batting: RHB Rodrigo Velasco 0-0: Ball
1-0: Ball
2-0: Foul Ball, location: 2F
2-1: Called Strike
2-2: Strikes out looking
Batting: RHB Adrian Smith 0-0: Called Strike
0-1: Foul Ball, location: 2F
0-2: Foul Ball, location: 2F
0-2: Ball
1-2: Ball
2-2: Foul Ball, location: 2F
2-2: Fly out, F5 (Popup, 56D)
Batting: RHB Barkley B. Cooltimes 0-0: Foul Ball, location: 2F
0-1: Foul Ball, location: 2F
0-2: Ball
1-2: Foul Ball, location: 2F
1-2: Fly out, F6 (Popup, 6MD)
Top of the 9th over - 0 run(s), 0 hit(s), 0 error(s), 0 left on base; Vermont 4 - Houston 2
BOTTOM OF THE 9TH
Houston BC batting - Pitching for Vermont Lake Monsters : RHP Jim Unknown
Batting: LHB Álex Ramírez 0-0: Ball
1-0: Called Strike
1-1: Called Strike
1-2: Fly out, F5 (Popup, 5L)
Batting: RHB Alfredo Rivera 0-0: Foul Ball, location: 2F
0-1: Called Strike
0-2: SINGLE (Groundball, 6MD)
Batting: RHB Dennis Morrow 0-0: Ball
1-0: Foul Ball, location: 2F
1-1: Called Strike
1-2: Fly out, F9 (Flyball, 9S)
Batting: LHB Raúl Trevino 0-0: Foul Ball, location: 2F
0-1: Swinging Strike
0-2: Foul Ball, location: 2F
0-2: Strikes out looking
Bottom of the 9th over - 0 run(s), 1 hit(s), 0 error(s), 1 left on base; Vermont 4 - Houston 2
Monday, March 20th, 2017 - OOTP Baseball 17.12 Build 75